 Dungeon Crawl Stone Soup version 0.20.0-15-g7f486f2 (webtiles) character file.

971 vishdafish the Shield-Bearer (level 8, -2/48 HPs)
             Began as a Gargoyle Fighter on June 19, 2017.
             Slain by a two-headed ogre
             ... wielding a +0 great mace
              (24 damage)
             ... on level 6 of the Dungeon.
             The game lasted 00:12:25 (4956 turns).

vishdafish the Shield-Bearer (Gargoyle Fighter)     Turns: 4956, Time: 00:12:25

Health: -2/48      AC: 12    Str: 20    XL:     8   Next: 16%
Magic:  8/8        EV:  8    Int: 10    God:
Gold:   260        SH: 10    Dex: 10    Spells: 7/7 levels left

rFire    . . .     SeeInvis .   a - +0 flail
rCold    . . .     Gourm    .   c - +0 shield
rNeg     + . .     Faith    .   b - +0 scale mail
rPois    ∞         Spirit   .   (no helmet)
rElec    +         Reflect  .   (no cloak)
rCorr    .         Harm     .   (no gloves)
MR       .....                  (no boots)
Stlth    ..........             (no amulet)
Regen    0.2/turn               (no ring)
MPRegen  0.2/turn               (no ring)

@: no status effects
A: negative energy resistance 1, electricity resistance, unbreathing,
petrification resistance, rot immunity, AC +5
a: no special abilities


You were on level 6 of the Dungeon.
You were not hungry.

You visited 1 branch of the dungeon, and saw 6 of its levels.

You collected 260 gold pieces.

Inventory:

Hand Weapons
 a - a +0 flail (weapon)
 p - a +4 flail
 q - a +0 flail of crushing
Missiles
 h - 6 curare-tipped needles
Armour
 b - a +0 scale mail (worn)
 c - a +0 shield (worn)
 f - a +2 helmet
Jewellery
 g - a +2 ring of intelligence {unknown}
 k - an uncursed ring of protection from cold {unknown}
 l - an uncursed ring of flight {unknown}
 E - an uncursed ring of magical power {unknown}
Wands
 m - a wand of iceblast (5/15)
 s - a wand of random effects (12/48)
 y - a wand of disintegration (0/24)
Scrolls
 d - a scroll of recharging {unknown}
 e - 4 scrolls of teleportation
 j - a scroll of fog {unknown}
 n - a scroll of blinking {unknown}
 r - 7 scrolls of remove curse {unknown}
 v - a scroll of amnesia {unknown}
 x - 2 scrolls of identify {unknown}
 D - a scroll of magic mapping {unknown}
 F - a scroll of enchant armour {unknown}
Potions
 i - 3 potions of heal wounds
 o - a potion of curing {unknown}
 t - a potion of haste {unknown}
 u - a potion of berserk rage {unknown}
 B - a potion of mutation {unknown}
 C - a potion of resistance {unknown}
Comestibles
 w - 3 fruits
 A - 3 bread rations


   Skills:
 + Level 4.8 Fighting
 + Level 5.2 Maces & Flails
 + Level 5.3 Armour
 + Level 2.0 Dodging
 + Level 0.8 Stealth
 + Level 6.3 Shields


You had 7 spell levels left.
You didn't know any spells.

Dungeon Overview and Level Annotations

Branches:
Dungeon (6/15)
 Temple: D:4-7

Altars:
Dithmenos
Hepliaklqana
Kikubaaqudgha
Sif Muna

Shops:
D:5 [


Innate Abilities, Weirdness & Mutations

You are resistant to torment.
Your stone body is resilient. (AC +5)
You are immune to poison.
You resist negative energy. (rN+)
You are resistant to electric shocks. (rElec)
You can survive without breathing.
You are immune to petrification.
You are immune to rotting.


Message History

Nothing appears to happen.
Evoke which item? (* to show all) (? for menu, Esc to quit)
Aiming: Random Effects (will waste charges)
Press: ? - help, Shift-Dir - straight line, f/p - two-headed ogre
Aim: a two-headed ogre, wielding a great mace and a giant spiked club (moderately wounded)
The bolt of poison hits the two-headed ogre.
The two-headed ogre is poisoned.
The two-headed ogre is heavily wounded.
Evoking this partially-identified wand wasted a few charges.
You hit the two-headed ogre.
The two-headed ogre is severely wounded.
The two-headed ogre hits you but does no damage.
The two-headed ogre hits you with a giant spiked club!!
Ouch! That really hurt!
You hit the two-headed ogre but do no damage.
The two-headed ogre is severely wounded.
The two-headed ogre looks more healthy.
The two-headed ogre hits you with a great mace!!
Ouch! That really hurt!
You die...

....... .......
....... .......
########.......
#..............
#<.....$.......
#.....O@.......
#..............
#.......#######
#.......#
#.......#
........#
........+
........#


You could see a two-headed ogre.

Vanquished Creatures
  The ghost of CrazyArbalest the Bolt Thrower, a novice MiHu (D:5)
  A sky beast (D:5)
  A crimson imp (D:5)
  A bullfrog zombie (D:5)
  A centaur skeleton (D:5)
  A gnoll shaman (D:4)
  An orc wizard (D:4)
  Ijyb (D:4)
  2 worker ants
  A hound skeleton (D:4)
  Robin (D:2)
  9 gnolls
  9 adders
  2 oozes
  2 worms (D:2)
  2 dart slugs (D:1)
  4 leopard geckos
  7 orcs
  12 bats
  7 giant cockroaches
  24 goblins
  5 hobgoblins
  13 jackals
  A quokka (D:3)
  A ball python skeleton (D:4)
  A ball python zombie (D:5)
  10 frilled lizards
  6 kobolds
  7 rats
134 creatures vanquished.

Notes
Turn   | Place    | Note
-------+----------+-------------------------------------------
     0 | D:1      | vishdafish the Gargoyle Fighter began the quest for the Orb.
     0 | D:1      | Reached XP level 1. HP: 14/14 MP: 1/1
   145 | D:1      | Reached XP level 2. HP: 17/19 MP: 2/2
   617 | D:1      | Reached XP level 3. HP: 23/23 MP: 3/3
   965 | D:2      | Noticed Robin
  1213 | D:1      | Reached skill level 4 in Shields
  1228 | D:1      | Reached XP level 4. HP: 9/28 MP: 4/4
  1566 | D:2      | Killed Robin
  1910 | D:2      | Reached XP level 5. HP: 33/33 MP: 5/5
  2227 | D:3      | Found a faded altar of an unknown god.
  2487 | D:3      | Found an ancient bone altar of Kikubaaqudgha.
  2896 | D:4      | Found a shadowy altar of Dithmenos.
  2950 | D:3      | Reached skill level 1 in Dodging
  2950 | D:3      | Reached XP level 6. HP: 13/38 MP: 6/6
  3187 | D:4      | Reached skill level 5 in Shields
  3958 | D:4      | Noticed Ijyb
  3986 | D:4      | Killed Ijyb
  3986 | D:4      | Reached XP level 7. HP: 31/43 MP: 7/7
  4142 | D:4      | Found a deep blue altar of Sif Muna.
  4200 | D:5      | Entered Level 5 of the Dungeon
  4450 | D:5      | Found Inyrphag's Antique Armour Boutique.
  4613 | D:5      | Noticed CrazyArbalest's ghost (novice MiHu)
  4654 | D:5      | Killed CrazyArbalest's ghost
  4654 | D:5      | Reached skill level 5 in Maces & Flails
  4654 | D:5      | Reached skill level 5 in Armour
  4654 | D:5      | Reached skill level 6 in Shields
  4654 | D:5      | Reached XP level 8. HP: 32/48 MP: 8/8
  4678 | D:5      | Found a hazy altar of Hepliaklqana.
  4950 | D:6      | Noticed a two-headed ogre
  4956 | D:6      | Slain by a two-headed ogre

Skill      XL: |  1  2  3  4  5  6  7 |
---------------+----------------------+-----
Shields        | 4 5 6 |  6.3
Armour         | 4 5 |  5.3
Maces & Flails | 3 4 5 |  5.2
Dodging        | 1 2 |  2.0
Fighting       | 4 |  4.8
Stealth        | |  0.8

Action                   |  1- 3 |  4- 6 |  7- 9 || total
-------------------------+-------+-------+-------++-------
Melee: Flail             |   129 |   393 |   168 ||   690
Evoke: Wand              |       |       |     3 ||     3
  Use: Scroll            |       |     1 |       ||     1
       Potion            |       |     1 |     3 ||     4
  Eat: Bread ration      |     1 |     1 |       ||     2
       Chunk             |       |     2 |       ||     2
       Fruit             |       |     1 |       ||     1
       Royal jelly       |       |       |     2 ||     2
Armor: Scale mail        |   138 |   262 |   102 ||   502
Dodge: Dodged            |    53 |   192 |    62 ||   307
Block: Shield            |   113 |   299 |    90 ||   502
